TOP OF THE 1ST |
State College Spikes batting - Pitching for Kenosha Kingfish : LHP Dong-young Kang
|
Pitching: LHP Dong-young Kang
|
|
Batting: RHB Nick Mackin
|
0-0: TRIPLE (Groundball, 3L)
|
Pinch Runner at 3rd Vaughan Shelton:
|
|
Batting: SHB Greg Butterfield
|
0-0: Called Strike 0-1: Foul Ball, location: 2F 0-2: Foul Ball, location: 2F 0-2: Ball 1-2: Strikes out swinging
|
Batting: RHB Blair Whitehead
|
0-0: Ball 1-0: Swinging Strike 1-1: Ball 2-1: Ball 3-1: Base on Balls
|
Batting: RHB Alonzo Herrera
|
0-0: DOUBLE (Groundball, 5L) Vaughan Shelton scores Blair Whitehead to third Runner from 3rd tries for Home, SAFE, throw made at trailing runner, SAFE at third!
|
Batting: RHB Eric Knight
|
0-0: Ball 1-0: Called Strike 1-1: Fly out, F7 (Flyball, 78D) Runner from 3rd tags up, SCORES, no throw
|
Batting: RHB Matt Tucker
|
0-0: Ball 1-0: Called Strike 1-1: Foul Ball, location: 2F 1-2: SINGLE (Groundball, 56D)
|
Batting: SHB Thomas Simmons
|
0-0: Called Strike 0-1: Ball 1-1: Swinging Strike 1-2: Fielders Choice at 2nd, 4-6 (Groundball, 4)
|
Top of the 1st over - 3 run(s), 3 hit(s), 0 error(s), 0 left on base; State College 3 - Kenosha 0 |
BOTTOM OF THE 1ST |
Kenosha Kingfish batting - Pitching for State College Spikes : LHP Sean Perry
|
Pitching: LHP Sean Perry
|
|
Now at 2B: Vaughan Shelton
|
|
Batting: RHB Bob Lee
|
0-0: Fly out, F8 (Line Drive, 8RM)
|
Batting: LHB Davey Casey
|
0-0: Ball 1-0: Called Strike 1-1: Called Strike 1-2: Strikes out swinging
|
Batting: RHB Manuel Gómez
|
0-0: Called Strike 0-1: Ball 1-1: Ball 2-1: Fly out, F8 (Flyball, 8LM)
|
Bottom of the 1st over - 0 run(s), 0 hit(s), 0 error(s), 0 left on base; State College 3 - Kenosha 0 |
TOP OF THE 2ND |
State College Spikes batting - Pitching for Kenosha Kingfish : LHP Dong-young Kang
|
Batting: RHB Joaquín Vásquez
|
0-0: Foul Ball, location: 2F 0-1: Called Strike 0-2: Ball 1-2: Foul Ball, location: 2F 1-2: Strikes out swinging
|
Batting: RHB Diego Benítez
|
0-0: SOLO HOME RUN (Flyball, 7D), Distance : 394 ft
|
Batting: RHB Vaughan Shelton
|
0-0: Ball 1-0: Swinging Strike 1-1: Called Strike 1-2: Strikes out swinging
|
Batting: SHB Greg Butterfield
|
0-0: Called Strike 0-1: Ball 1-1: Ball 2-1: Foul Ball, location: 2F 2-2: Strikes out looking
|
Top of the 2nd over - 1 run(s), 1 hit(s), 0 error(s), 0 left on base; State College 4 - Kenosha 0 |
BOTTOM OF THE 2ND |
Kenosha Kingfish batting - Pitching for State College Spikes : LHP Sean Perry
|
Batting: LHB Jon Quinn
|
0-0: Ball 1-0: Called Strike 1-1: Foul Ball, location: 2F 1-2: Foul Ball, location: 2F 1-2: Ball 2-2: Strikes out swinging
|
Batting: RHB Sergio Mata
|
0-0: Ball 1-0: Called Strike 1-1: SOLO HOME RUN (Flyball, 7LD), Distance : 354 ft
|
Batting: SHB Devin Smith
|
0-0: Reached on error, E3 (Groundball, 34S)
|
Batting: SHB John Beach
|
0-0: Ball 1-0: Foul Ball, location: 2F 1-1: Ball Devin Smith steals 2nd base 2-1: Called Strike 2-2: Ball 3-2: SINGLE (Groundball, 6D) Devin Smith to third Runner from 3rd tries for Home, SAFE, no throw
|
Batting: LHB Gustavo Gómez
|
0-0: Ball 1-0: Ball 2-0: Called Strike 2-1: Ball 3-1: 2-RUN HOME RUN (Flyball, 8RXD), Distance : 440 ft
|
Batting: RHB Tommy Davenport
|
0-0: Called Strike 0-1: Called Strike 0-2: Strikes out looking
|
Batting: RHB Bob Lee
|
0-0: Fly out, F8 (Flyball, 78M)
|
Bottom of the 2nd over - 4 run(s), 3 hit(s), 1 error(s), 0 left on base; State College 4 - Kenosha 4 |
TOP OF THE 3RD |
State College Spikes batting - Pitching for Kenosha Kingfish : LHP Dong-young Kang
|
Batting: RHB Blair Whitehead
|
0-0: Ball 1-0: Ball 2-0: Called Strike 2-1: Called Strike 2-2: Ball 3-2: Foul Ball, location: 2F 3-2: Fly out, F4 (Popup, 4D)
|
Batting: RHB Alonzo Herrera
|
0-0: Fly out, F9 (Line Drive, 89D)
|
Batting: RHB Eric Knight
|
0-0: Ball 1-0: Foul Ball, location: 2F 1-1: Fly out, F8 (Flyball, 89S)
|
Top of the 3rd over - 0 run(s), 0 hit(s), 0 error(s), 0 left on base; State College 4 - Kenosha 4 |
BOTTOM OF THE 3RD |
Kenosha Kingfish batting - Pitching for State College Spikes : LHP Sean Perry
|
Batting: LHB Davey Casey
|
0-0: Swinging Strike 0-1: Called Strike 0-2: Strikes out swinging
|
Batting: RHB Manuel Gómez
|
0-0: Ground out 1-3 (Groundball, 15S)
|
Batting: LHB Jon Quinn
|
0-0: Ball 1-0: Ball 2-0: Fly out, F7 (Flyball, 7D)
|
Bottom of the 3rd over - 0 run(s), 0 hit(s), 0 error(s), 0 left on base; State College 4 - Kenosha 4 |
TOP OF THE 4TH |
State College Spikes batting - Pitching for Kenosha Kingfish : LHP Dong-young Kang
|
Batting: RHB Matt Tucker
|
0-0: Called Strike 0-1: Ball 1-1: Ball 2-1: SINGLE (Line Drive, 4MD)
|
Batting: SHB Thomas Simmons
|
0-0: Called Strike 0-1: 2-RUN HOME RUN (Flyball, 89XD), Distance : 415 ft
|
Pitching: RHP Augusto Ruíz
|
|
Batting: RHB Joaquín Vásquez
|
0-0: Called Strike 0-1: Swinging Strike 0-2: SINGLE (Line Drive, 6MD)
|
Batting: RHB Diego Benítez
|
0-0: Ball 1-0: Ball 2-0: Swinging Strike 2-1: Ball 3-1: Called Strike 3-2: Foul Ball, location: 2F 3-2: Base on Balls Joaquín Vásquez to second
|
Batting: RHB Vaughan Shelton
|
0-0: Called Strike 0-1: Ball 1-1: Ball 2-1: Foul Ball, location: 2F 2-2: Ball 3-2: Strikes out swinging
|
Batting: SHB Greg Butterfield
|
0-0: Called Strike 0-1: Ball 1-1: SINGLE (Flyball, 8RS) Joaquín Vásquez to third Diego Benítez to second Runner from 3rd tries for Home, SAFE, no throw
|
Batting: RHB Blair Whitehead
|
0-0: Ball 1-0: Swinging Strike 1-1: Ball 2-1: Grounds into double play, 4-6-3 (Groundball, 4)
|
Top of the 4th over - 3 run(s), 4 hit(s), 0 error(s), 1 left on base; State College 7 - Kenosha 4 |
BOTTOM OF THE 4TH |
Kenosha Kingfish batting - Pitching for State College Spikes : LHP Sean Perry
|
Batting: RHB Sergio Mata
|
0-0: Ball 1-0: Called Strike 1-1: Swinging Strike 1-2: Strikes out swinging
|
Batting: SHB Devin Smith
|
0-0: Ball 1-0: Called Strike 1-1: Ball 2-1: Fly out, F8 (Flyball, 89M)
|
Batting: SHB John Beach
|
0-0: Called Strike 0-1: Ball 1-1: Foul Ball, location: 2F 1-2: Fly out, F9 (Flyball, 9LM)
|
Bottom of the 4th over - 0 run(s), 0 hit(s), 0 error(s), 0 left on base; State College 7 - Kenosha 4 |
TOP OF THE 5TH |
State College Spikes batting - Pitching for Kenosha Kingfish : RHP Augusto Ruíz
|
Batting: RHB Alonzo Herrera
|
0-0: Swinging Strike 0-1: Fly out, F7 (Flyball, 7LMF)
|
Batting: RHB Eric Knight
|
0-0: Ball 1-0: Ball 2-0: Called Strike 2-1: Ground out 3-1 (Groundball, 34)
|
Batting: RHB Matt Tucker
|
0-0: Foul Ball, location: 2F 0-1: Ball 1-1: Ball 2-1: SINGLE (Groundball, 34D)
|
Batting: SHB Thomas Simmons
|
0-0: Called Strike 0-1: Called Strike Matt Tucker steals 2nd base 0-2: Ball 1-2: Foul Ball, location: 2F 1-2: Ball 2-2: Foul Ball, location: 2F 2-2: Ball 3-2: Foul Ball, location: 2F 3-2: Foul Ball, location: 2F 3-2: DOUBLE (Line Drive, 5D) Matt Tucker scores
|
Batting: RHB Joaquín Vásquez
|
0-0: Called Strike 0-1: Swinging Strike 0-2: Foul Ball, location: 2F 0-2: Foul Ball, location: 2F 0-2: Foul Ball, location: 2F 0-2: SINGLE (Groundball, 56D) Thomas Simmons to third Runner from 3rd tries for Home, SAFE, no throw
|
Pitching: RHP Anastasio Cervantes
|
|
Batting: RHB Diego Benítez
|
0-0: Ball 1-0: Ball 2-0: Foul Ball, location: 2F 2-1: Swinging Strike 2-2: Strikes out swinging
|
Top of the 5th over - 2 run(s), 3 hit(s), 0 error(s), 1 left on base; State College 9 - Kenosha 4 |
BOTTOM OF THE 5TH |
Kenosha Kingfish batting - Pitching for State College Spikes : LHP Sean Perry
|
Batting: LHB Gustavo Gómez
|
0-0: Ball 1-0: Ball 2-0: Fly out, F9 (Flyball, 9D)
|
Batting: RHB Tommy Davenport
|
0-0: Fly out, F5 (Line Drive, 5)
|
Batting: RHB Bob Lee
|
0-0: Fly out, F9 (Flyball, 89M)
|
Bottom of the 5th over - 0 run(s), 0 hit(s), 0 error(s), 0 left on base; State College 9 - Kenosha 4 |
TOP OF THE 6TH |
State College Spikes batting - Pitching for Kenosha Kingfish : RHP Anastasio Cervantes
|
Batting: RHB Vaughan Shelton
|
0-0: Ball 1-0: Called Strike 1-1: Ground out 5-3 (Groundball, 5)
|
Batting: SHB Greg Butterfield
|
0-0: DOUBLE (Line Drive, 9LM)
|
Batting: RHB Blair Whitehead
|
0-0: Swinging Strike 0-1: Ball 1-1: Ball 2-1: Ball 3-1: Swinging Strike 3-2: Strikes out swinging
|
Batting: RHB Alonzo Herrera
|
0-0: Foul Ball, location: 2F 0-1: Foul Ball, location: 2F 0-2: Ball 1-2: Foul Ball, location: 2F 1-2: Strikes out swinging
|
Top of the 6th over - 0 run(s), 1 hit(s), 0 error(s), 1 left on base; State College 9 - Kenosha 4 |
BOTTOM OF THE 6TH |
Kenosha Kingfish batting - Pitching for State College Spikes : LHP Sean Perry
|
Batting: LHB Davey Casey
|
0-0: Swinging Strike 0-1: Swinging Strike 0-2: Ball 1-2: Ground out 1-3 (Groundball, 13S)
|
Batting: RHB Manuel Gómez
|
0-0: DOUBLE (Flyball, 8LD)
|
Batting: LHB Jon Quinn
|
0-0: Ball 1-0: Called Strike 1-1: Swinging Strike 1-2: Strikes out looking
|
Batting: RHB Sergio Mata
|
0-0: Called Strike 0-1: Swinging Strike 0-2: Strikes out swinging, 2-3 out at first.
|
Bottom of the 6th over - 0 run(s), 1 hit(s), 0 error(s), 1 left on base; State College 9 - Kenosha 4 |
TOP OF THE 7TH |
State College Spikes batting - Pitching for Kenosha Kingfish : RHP Anastasio Cervantes
|
Batting: RHB Eric Knight
|
0-0: Foul Ball, location: 2F 0-1: Foul Ball, location: 2F 0-2: Foul Ball, location: 2F 0-2: Foul Ball, location: 2F 0-2: Ball 1-2: Foul Ball, location: 2F 1-2: SINGLE (Groundball, 4MD)
|
Batting: RHB Matt Tucker
|
0-0: Called Strike 0-1: Reached on error, E6 (Groundball, 6S) Eric Knight to third
|
Batting: SHB Thomas Simmons
|
0-0: Called Strike 0-1: Ball 1-1: Swinging Strike 1-2: Foul Ball, location: 2F 1-2: Strikes out swinging
|
Batting: RHB Joaquín Vásquez
|
0-0: Ball 1-0: Foul Ball, location: 2F 1-1: Foul Ball, location: 2F 1-2: Ball 2-2: Foul Ball, location: 2F 2-2: Strikes out swinging
|
Batting: RHB Diego Benítez
|
0-0: Called Strike 0-1: Foul Ball, location: 2F 0-2: Ball Wild Pitch! Eric Knight scores Matt Tucker to third 1-2: Ball 2-2: Fly out, F7 (Flyball, 7S)
|
Top of the 7th over - 1 run(s), 1 hit(s), 1 error(s), 1 left on base; State College 10 - Kenosha 4 |
BOTTOM OF THE 7TH |
Kenosha Kingfish batting - Pitching for State College Spikes : LHP Sean Perry
|
Batting: SHB Devin Smith
|
0-0: Foul Ball, location: 2F 0-1: Ball 1-1: Foul Ball, location: 2F 1-2: Foul Ball, location: 2F 1-2: Ball 2-2: Foul Ball, location: 2F 2-2: Foul Ball, location: 2F 2-2: Ball 3-2: Fly out, F9 (Flyball, 9S)
|
Batting: SHB John Beach
|
0-0: Ball 1-0: Ball 2-0: Called Strike 2-1: Foul Ball, location: 2F 2-2: Strikes out swinging
|
Batting: LHB Gustavo Gómez
|
0-0: Called Strike 0-1: Fly out, F7 (Flyball, 7LSF)
|
Bottom of the 7th over - 0 run(s), 0 hit(s), 0 error(s), 0 left on base; State College 10 - Kenosha 4 |
TOP OF THE 8TH |
State College Spikes batting - Pitching for Kenosha Kingfish : RHP Anastasio Cervantes
|
Batting: RHB Vaughan Shelton
|
0-0: Ball 1-0: Swinging Strike 1-1: Called Strike 1-2: Ball 2-2: Foul Ball, location: 2F 2-2: Strikes out swinging
|
Pitching: RHP Bo Adams
|
|
Batting: SHB Greg Butterfield
|
0-0: Called Strike 0-1: Swinging Strike 0-2: Ball 1-2: Strikes out swinging
|
Batting: RHB Blair Whitehead
|
0-0: Ball 1-0: Foul Ball, location: 2F 1-1: Ball 2-1: Foul Ball, location: 2F 2-2: Ball 3-2: Foul Ball, location: 2F 3-2: SINGLE (Flyball, 9LS)
|
Batting: RHB Alonzo Herrera
|
0-0: Ball 1-0: Foul Ball, location: 2F 1-1: Ball 2-1: Ball 3-1: Foul Ball, location: 2F 3-2: Strikes out swinging
|
Top of the 8th over - 0 run(s), 1 hit(s), 0 error(s), 1 left on base; State College 10 - Kenosha 4 |
BOTTOM OF THE 8TH |
Kenosha Kingfish batting - Pitching for State College Spikes : LHP Sean Perry
|
Pitching: LHP Alberto Ruíz
|
|
Batting: RHB Tommy Davenport
|
0-0: Ball 1-0: Foul Ball, location: 2F 1-1: DOUBLE (Line Drive, 9)
|
Batting: RHB Bob Lee
|
0-0: Called Strike 0-1: Foul Ball, location: 2F 0-2: Strikes out swinging
|
Batting: LHB Davey Casey
|
0-0: Ball 1-0: SINGLE (Groundball, 4MD) Tommy Davenport to third
|
Batting: RHB Manuel Gómez
|
0-0: Called Strike 0-1: Ball 1-1: Swinging Strike 1-2: DOUBLE (Line Drive, 89XD) Tommy Davenport scores Davey Casey to third
|
Batting: LHB Jon Quinn
|
0-0: Called Strike 0-1: Ball 1-1: Swinging Strike 1-2: Strikes out looking
|
Batting: RHB Sergio Mata
|
0-0: Ball 1-0: Foul Ball, location: 2F Balk! Davey Casey scores Manuel Gómez to third 1-1: DOUBLE (Line Drive, 8LM) Manuel Gómez scores
|
Pitching: RHP Bryan Glover
|
|
Batting: SHB Devin Smith
|
0-0: Ball 1-0: Called Strike 1-1: Ball 2-1: Ball 3-1: Called Strike 3-2: Fly out, F7 (Flyball, 7LS)
|
Bottom of the 8th over - 3 run(s), 4 hit(s), 0 error(s), 1 left on base; State College 10 - Kenosha 7 |
TOP OF THE 9TH |
State College Spikes batting - Pitching for Kenosha Kingfish : RHP Bo Adams
|
Batting: RHB Eric Knight
|
0-0: Called Strike 0-1: Ground out 4-3 (Groundball, 4M)
|
Batting: RHB Matt Tucker
|
0-0: Called Strike 0-1: Ball 1-1: Ball 2-1: Foul Ball, location: 2F 2-2: Strikes out looking
|
Batting: SHB Thomas Simmons
|
0-0: Foul Ball, location: 2F 0-1: Swinging Strike 0-2: Ball 1-2: Foul Ball, location: 2F 1-2: Hit by Pitch
|
Batting: RHB Joaquín Vásquez
|
0-0: Ball 1-0: Called Strike 1-1: Called Strike 1-2: Foul Ball, location: 2F 1-2: Strikes out swinging
|
Top of the 9th over - 0 run(s), 0 hit(s), 0 error(s), 1 left on base; State College 10 - Kenosha 7 |
BOTTOM OF THE 9TH |
Kenosha Kingfish batting - Pitching for State College Spikes : RHP Bryan Glover
|
Pitching: RHP Manuel Montoya
|
|
Batting: SHB John Beach
|
0-0: Called Strike 0-1: Ball 1-1: Ball 2-1: Called Strike 2-2: SINGLE (Groundball, 34D)
|
Batting: LHB Gustavo Gómez
|
0-0: Ball 1-0: Called Strike 1-1: Ball 2-1: Called Strike 2-2: Strikes out swinging
|
Batting: RHB Tommy Davenport
|
0-0: Ball 1-0: Ball 2-0: Swinging Strike 2-1: Ball 3-1: Base on Balls John Beach to second
|
Pinch Hitting: LHB Henry Durham
|
0-0: Ball 1-0: Swinging Strike 1-1: Swinging Strike 1-2: Ball 2-2: Foul Ball, location: 2F 2-2: Strikes out looking
|
Batting: LHB Davey Casey
|
0-0: Ball 1-0: Ball 2-0: Ball 3-0: Base on Balls John Beach to third Tommy Davenport to second
|
Pinch Hitting: RHB Rubén Hernández
|
0-0: Foul Ball, location: 2F 0-1: Ball 1-1: Ball 2-1: Ground out 5-3 (Groundball, 56D)
|
Bottom of the 9th over - 0 run(s), 1 hit(s), 0 error(s), 3 left on base; State College 10 - Kenosha 7 |
|